 Dungeon Crawl Stone Soup version 0.27.1-1-g398f81649c (webtiles) character file.

Game seed: 3408514521031496867

303 PewDiePie the Ruffian (level 6, -2/67 HPs)
             Began as a Troll Monk on Sept 15, 2021.
             Slain by Edmund (18 damage)
             ... on level 4 of the Dungeon.
             The game lasted 00:04:16 (1585 turns).

PewDiePie the Ruffian (Troll Monk)                  Turns: 1585, Time: 00:04:17

Health: -2/67      AC:  4    Str: 20    XL:     6   Next: 15%
Magic:  5/5        EV: 10    Int:  8    God:
Gold:   36         SH:  0    Dex: 12    Spells: 5/5 levels left

rFire    . . .     SeeInvis .     - Unarmed
rCold    . . .     Faith    +   (no shield)
rNeg     + . .     Spirit   .   a - +0 robe
rPois    .         Reflect  .   (helmet restricted)
rElec    .         Harm     .   (no cloak)
rCorr    .         Rampage  .   (gloves unavailable)
Will     .....                  (boots unavailable)
Stlth    ++........             c - amulet of faith
HPRegen  1.21/turn              d - ring of positive energy
MPRegen  0.09/turn              (no ring)

@: no status effects
A: large, unfitting armour, claws 3, regeneration 1, shaggy fur 1, tough skin 1,
robust 1, MP-powered wands
a: no special abilities


You were on level 4 of the Dungeon.
You visited 1 branch of the dungeon, and saw 4 of its levels.

You collected 36 gold pieces.

Inventory:

Hand Weapons
 f - a +0 war axe of freezing
Armour
 a - a +0 robe (worn)
Jewellery
 c - an amulet of faith (around neck)
 d - a ring of positive energy (left claw)
Scrolls
 e - a scroll of noise {unknown}
Potions
 g - a potion of ambrosia {unknown}


   Skills:
 - Level 3.6 Fighting
 + Level 3.7 Dodging
 - Level 1.3 Stealth
 * Level 4.8 Unarmed Combat


You had 5 spell levels left.
You didn't know any spells.
Your spell library was empty.

Dungeon Overview and Level Annotations

Branches:
Dungeon (4/15)
 Temple: D:4-7

Altars:
Hepliaklqana

Annotations:
D:4 Edmund


Innate Abilities, Weirdness & Mutations

You are too large for most types of armour.
You have claws for hands.
Your natural rate of healing is unusually fast.
You are covered in fur. (AC +1)
You have tough skin. (AC +1)
You are robust. (+10% HP)
You expend magic power (3 MP) to strengthen your wands.


Message History

You kill the adder!
You feel sick.
The ball python bites you but does no damage.
You scratch the ball python.
You kill the ball python!
You feel sick.
You feel sick.
You feel sick.
You are no longer poisoned.
There is an open door here.
There is an open door here.
You see here a +0 club.
There is a stone staircase leading up, spattered with blood here.
Edmund the Younger comes into view.
He is wielding a +2 flail of protection.
Edmund shouts!
Edmund is nearby!
Edmund is nearby!
Edmund is nearby!
Edmund drinks a potion.
Edmund seems to grow stronger.
You scratch Edmund.
Edmund is lightly wounded.
Edmund barely misses you.
You barely miss Edmund.
Edmund is lightly wounded.
Edmund hits you with a +2 flail of protection!
You scratch Edmund but do no damage.
Edmund is lightly wounded.
Edmund hits you with a +2 flail of protection!
You closely miss Edmund.
Edmund is lightly wounded.
Edmund hits you with a +2 flail of protection!
You scratch Edmund but do no damage.
Edmund is lightly wounded.
Edmund hits you with a +2 flail of protection!
* * * LOW HITPOINT WARNING * * *
It was a potion of mutation.
You feel extremely strange.
You feel your magical essence link to the dungeon's wands.
You feel robust.
Edmund hits you with a +2 flail of protection!!
You die...

# .. .# ....
.####...
..##....
#.##.#.# #
#@##.#.# .#
#.##@##.#.##.#.#
#..............#
####.##....###.
#.###...# ..#
##..###.### ####
#.........
#.######## #.#
#.#


You could see Edmund (strong).

Vanquished Creatures
  A kobold brigand (D:3)
  A howler monkey (D:3)
  An orc priest (D:3)
  Jessica (D:3)
  Natasha (thrice) (D:3)
  3 gnolls
  An adder (D:4)
  A dart slug (D:3)
  6 orcs
  A ball python (D:4)
  A giant cockroach (D:3)
  2 goblins (D:3)
  A hobgoblin (D:3)
  A quokka (D:3)
  A frilled lizard (D:2)
  3 kobolds (D:3)
  A rat (D:2)
29 creatures vanquished.

Notes
Turn   | Place    | Note
-------+----------+-------------------------------------------
     0 | D:1      | PewDiePie the Troll Monk began the quest for the Orb.
     0 | D:1      | Reached XP level 1. HP: 22/22 MP: 0/0
    53 | D:3      | Noticed a kobold brigand
    55 | D:3      | Found a hazy altar of Hepliaklqana.
    60 | D:3      | Found a faded altar of an unknown god.
    99 | D:3      | Killed a kobold brigand
   100 | D:3      | Reached XP level 2. HP: 15/31 MP: 1/1
   100 | D:3      | Reached XP level 3. HP: 18/37 MP: 2/2
   100 | D:3      | Reached XP level 4. HP: 23/45 MP: 3/3
   470 | D:3      | Noticed Jessica
   479 | D:3      | Killed Jessica
   480 | D:3      | Reached skill level 4 in Unarmed Combat
   509 | D:3      | Noticed Natasha
   525 | D:3      | Killed Natasha
   526 | D:3      | Reached XP level 5. HP: 33/53 MP: 4/4
   530 | D:3      | Noticed Natasha
   561 | D:3      | Killed Natasha
   703 | D:3      | Noticed Natasha
   712 | D:3      | Killed Natasha
  1156 | D:3      | Reached XP level 6. HP: 61/61 MP: 5/5
  1577 | D:4      | Noticed Edmund
  1585 | D:4      | Gained mutation: You expend magic power (3 MP) to
                  | strengthen your wands. [potion of mutation]
  1585 | D:4      | Gained mutation: You are robust. (+10% HP) [potion of
                  | mutation]
  1585 | D:4      | Slain by Edmund

Illustrated notes

Levels and vault maps discovered:
D:1:      evilmike_arrival_hilbert_curve, layout_basic
D:2:      layout_basic, serial_shops, shop, nicolae_shop_stone,
          nicolae_shop_trees, minmay_pentomino_q2
D:3:      layout_basic, beargit_hepliaklqana_dungeon_heroes,
          hangedman_decor_growths, minivault_27, uniq_jessica, uniq_natasha
D:4:      layout_loops_corners, serial_shops, shop, uniq_edmund,
          uniq_blork_the_orc

Skill      XL: |  1  2  3  4 |
---------------+-------------+-----
Fighting       | 3 |  3.6
Dodging        | 3 |  3.7
Unarmed Combat | 4 |  4.8
Stealth        | |  1.3

Action                   |  1- 3 |  4- 6 || total
-------------------------+-------+-------++-------
Melee: Unarmed           |    15 |    77 ||    92
       Punch             |       |     1 ||     1
  Use: Scroll            |       |     2 ||     2
       Potion            |       |     1 ||     1
 Stab: Sleeping          |       |     1 ||     1
Armor: Robe              |     2 |    15 ||    17
Dodge: Dodged            |    11 |    41 ||    52
